Map: Site Delta LE

Players

jeannysu - Winner!

  • Race: Terran Terran
  • Spawn Location: 5:00

치터 칸 (자원)

  • Race: Protoss Protoss
  • Spawn Location: 11:00

VOD

Have the link to the VOD?

Description

Time

  • Played on: Sept. 2, 2025, 9:31 a.m.
  • Length: 13:48
Show
View Real Time Build Order
Export as new Build Order

jeannysu Terran - Winner!

Build Orders: 2 Factory, Reaper Expand 

Get SALT Encoding   

  12  0:00  SCV  
  13  0:12  SCV  
  14  0:16  Supply Depot  
  14  0:25  SCV  
  15  0:38  SCV  
  15  0:41  Barracks  
  16  0:47  Refinery  
  16  0:50  SCV  
  17  1:03  SCV  
  18  1:15  SCV  
  19  1:27  Orbital Command  
  19  1:31  Reaper  
  20  1:45  Command Center  
  20  1:54  SCV  
  21  2:03  Barracks Tech Lab  
  21  2:16  SCV  
  21  2:18  Factory  
  21  2:21  Refinery  
  22  2:28  SCV  
  23  2:45  Supply Depot  
  23  2:56  Marine  
  23  2:57  SCV  
  25  3:02  Orbital Command  
  25  3:08  Factory Tech Lab  
  25  3:09  Starport, SCV  
  26  3:14  Marine  
  26  3:18  Factory  
  27  3:21  SCV  
  28  3:33  SCV  
  29  3:34  SCV  
  29  3:40  Stimpack, Marine  
  30  3:45  SCV  
  31  3:50  Refinery  
  31  3:54  Refinery  
  31  3:56  Siege Tank  
  34  4:10  SCV  
  34  4:12  Barracks  
  34  4:13  Barracks  
  34  4:14  Marine  
  36  4:26  Engineering Bay  
  36  4:27  Engineering Bay  
  36  4:29  SCV x2  
  38  4:37  Siege Tank  
  41  4:41  SCV, Factory Tech Lab  
  41  4:42  SCV  
  43  4:45  Medivac  
  45  4:53  SCV  
  45  4:54  Supply Depot  
  45  4:59  Supply Depot  
  46  5:10  Barracks Tech Lab, Barracks Reactor  
  46  5:15  SCV x2  
  48  5:23  Supply Depot  
  48  5:27  SCV x2  
  50  5:30  Siege Tank  
  50  5:31  Siege Tank  
  50  5:32  Marauder  
  50  5:34  Combat Shield  
  58  5:37  Marauder  
  58  5:40  SCV x2  
  62  5:47  Supply Depot  
  62  5:52  Terran Infantry Armor Level 1, Terran Infantry Weapons Level 1  
  62  5:57  Armory  
  62  5:58  Marine  
  63  6:12  Marine  
  63  6:13  Marine  
  63  6:16  Marine, Siege Tank  
  63  6:18  Marauder  
  71  6:22  Supply Depot  
  71  6:25  Starport Reactor  
  71  6:30  Marine x2  
  73  6:34  Marauder  
  73  6:39  Marauder  
  77  6:48  Command Center, Marine x2  
  77  6:52  SCV  
  77  6:53  SCV  
  81  6:56  Supply Depot  
  81  7:04  SCV  
  81  7:05  SCV  
  83  7:09  Medivac  
  83  7:15  Marine  
  85  7:16  Concussive Shells  
  85  7:17  SCV, Medivac  
  89  7:30  Supply Depot  
  89  7:36  SCV x2  
  91  7:40  Marine  
  91  7:41  Marine x2  
  94  7:48  Terran Infantry Weapons Level 2  
  94  7:51  Terran Infantry Armor Level 2, Marine, Siege Tank, Medivac  
  100  7:59  Supply Depot, Siege Tank  
  100  8:00  Orbital Command  
  103  8:12  Refinery  
  103  8:27  Marine  
  103  8:28  Marine  
  103  8:29  Marine x2  
  103  8:32  Siege Tank x2  
  113  8:37  Orbital Command  
  113  8:44  Refinery  
  113  8:45  Marine  
  114  9:01  Marine x3  
  117  9:03  Marine  
  117  9:04  SCV, Siege Tank x2  
  125  9:12  SCV x2  
  125  9:16  SCV  
  128  9:19  Marine x3  
  128  9:21  Marine  
  128  9:22  Barracks  
  132  9:24  Barracks, SCV x2  
  132  9:30  Liberator x2  
  140  9:36  Marine  
  141  10:04  Hellbat, SCV x2  
  141  10:05  Marine, SCV  
  141  10:06  Marine x3  
  140  10:08  Hellbat  
  124  10:16  SCV x2  
  124  10:17  SCV  
  127  10:22  Barracks Tech Lab, Barracks Reactor  
  127  10:24  Marine x2  
  129  10:28  Ghost Academy, SCV x2  
  129  10:29  SCV  
  129  10:31  Terran Infantry Armor Level 3, Terran Infantry Weapons Level 3  
  132  10:36  Marine x2  
  132  10:40  SCV x2  
  132  10:41  SCV  
  132  10:42  Marine x2  
  139  10:52  SCV  
  139  10:53  SCV  
  141  11:29  Supply Depot  
  141  11:40  Supply Depot  
  141  11:50  Supply Depot, Marine x4, Liberator  
  141  11:51  SCV  
  149  12:01  Marine x3, SCV x2, Liberator  
  149  12:03  Supply Depot  
  149  12:07  Starport  
  157  12:11  Marine x3  
  157  12:13  Supply Depot  
  157  12:14  Command Center, SCV  
  161  12:18  Marine  
  161  12:19  Marine x3  
  165  12:24  Siege Tank x2  
  165  12:28  Supply Depot  
  165  12:29  Marine x3  
  170  12:33  Liberator  
  170  12:37  Supply Depot  
  169  12:56  Siege Tank  
  172  12:58  Supply Depot  
  172  13:02  Marine x2  
  172  13:03  Marine x5  
  172  13:05  Siege Tank  
  179  13:20  Marine x2  
  179  13:21  Marauder x3  
  179  13:22  Supply Depot  
Show
View Real Time Build Order
Export as new Build Order

치터 칸 (자원) Protoss 

Build Orders: Archon Immortal, Mass Adepts 

Get SALT Encoding   

  12  0:00  Probe  
  13  0:13  Probe  
  14  0:20  Pylon  
  14  0:25  Probe  
  15  0:34  Probe  
  15  0:42  Probe  
  16  0:47  Assimilator  
  17  0:51  Gateway  
  17  0:52  Probe  
  18  1:00  Pylon, Probe  
  18  1:08  Probe  
  20  1:18  Probe  
  21  1:36  Gateway  
  21  1:38  Probe  
  21  1:39  Zealot  
  24  1:42  Cybernetics Core  
  24  1:47  Pylon  
  24  1:50  Probe  
  25  2:00  Assimilator  
  25  2:01  Probe  
  25  2:06  Zealot  
  28  2:09  Warp Gate, Probe  
  29  2:23  Adept  
  31  2:31  Probe, Robotics Facility  
  31  2:33  Adept  
  34  2:53  Adept  
  34  2:54  Pylon, Probe  
  37  3:03  Adept  
  39  3:21  Immortal  
  39  3:23  Adept  
  39  3:25  Pylon  
  45  3:33  Sentry  
  47  3:45  Pylon  
  47  3:50  Stalker  
  49  4:00  Immortal  
  53  4:03  Stalker  
  53  4:04  Pylon  
  55  4:21  Gateway  
  55  4:22  Adept  
  57  4:27  Adept  
  57  4:29  Gateway  
  59  4:37  Adept  
  61  4:48  Adept  
  63  4:57  Adept  
  65  5:08  Stalker  
  67  5:15  Stalker  
  67  5:17  Zealot  
  67  5:19  Pylon  
  71  5:35  Pylon  
  71  5:37  Adept x3, Zealot  
  79  5:45  Forge  
  79  5:47  Twilight Council  
  79  5:59  Nexus  
  79  6:09  Protoss Ground Weapons Level 1  
  79  6:26  Pylon  
  79  6:30  Templar Archives  
  79  6:41  Stalker  
  81  6:49  Pylon, Stalker  
  81  6:51  Zealot  
  85  6:56  Stalker  
  87  7:05  Stalker  
  89  7:10  Pylon  
  89  7:11  Probe, Zealot  
  89  7:12  Probe, High Templar  
  95  7:15  Observer  
  95  7:20  Probe, High Templar  
  98  7:23  Probe  
  100  7:30  Sentry  
  100  7:32  Probe, Assimilator  
  100  7:34  Archon  
  100  7:35  Probe  
  104  7:44  Probe  
  104  7:48  Probe, Assimilator  
  106  7:53  High Templar  
  106  7:56  Probe  
  109  8:00  Probe  
  109  8:02  Pylon  
  110  8:07  Zealot x2  
  110  8:08  Probe  
  110  8:10  High Templar  
  110  8:12  Probe  
  118  8:19  Probe, Nexus  
  118  8:25  Probe  
  120  8:27  Pylon, Probe  
  121  8:35  Probe, Archon, High Templar  
  121  8:37  Probe  
  125  8:42  High Templar  
  125  8:45  Immortal  
  131  8:49  Probe  
  131  8:51  Zealot  
  131  8:53  Pylon  
  131  8:55  Zealot  
  136  8:57  Archon  
  136  9:07  High Templar  
  138  9:11  High Templar  
  138  9:14  Immortal  
  138  9:15  Pylon, Zealot  
  142  9:22  Zealot  
  142  9:23  Archon  
  148  9:32  Probe x2  
  148  9:33  Probe  
  148  9:35  High Templar x2  
  148  9:38  Zealot  
  157  9:41  Assimilator  
  157  9:44  Pylon, Probe  
  157  9:45  Probe x2  
  160  9:49  Archon, High Templar  
  160  9:50  Immortal  
  162  9:56  Probe  
  162  9:57  Probe, Assimilator  
  162  9:58  Probe  
  167  10:04  High Templar  
  167  10:05  Pylon  
  135  10:07  Stalker  
  135  10:08  Probe, Zealot  
  135  10:09  Probe  
  135  10:10  Probe  
  100  10:20  Probe  
  99  10:21  Zealot  
  99  10:22  Probe, Warp Prism  
  99  10:23  Probe  
  99  10:28  Adept  
  105  10:29  Probe  
  105  10:30  Zealot  
  105  10:32  Archon  
  105  10:34  Probe  
  105  10:35  Probe  
  112  10:37  Probe, Zealot  
  112  10:41  High Templar  
  117  10:43  Zealot  
  117  10:46  Probe x2  
  117  10:48  Probe  
  122  10:50  High Templar  
  122  10:52  Forge  
  124  10:57  Stalker  
  124  10:58  Probe, Zealot  
  124  11:00  Probe  
  130  11:05  Pylon  
  130  11:06  Archon  
  130  11:08  Pylon  
  130  11:09  Probe  
  125  11:12  Probe  
  125  11:14  Gateway, Zealot  
  125  11:15  Observer  
  125  11:16  Probe  
  125  11:17  Photon Cannon  
  125  11:18  Stalker  
  113  11:20  Sentry  
  113  11:21  Probe  
  113  11:23  Stalker  
  113  11:24  Probe  
  110  11:29  Probe  
  110  11:31  Probe  
  110  11:34  Immortal, Stalker  
  110  11:36  Zealot  
  110  11:38  Photon Cannon  
  110  11:39  Probe  
  119  11:42  Probe, Stalker  
  119  11:45  Zealot  
  123  11:50  Sentry  
  123  11:51  Sentry  
  123  11:53  Probe  
  117  11:56  Pylon  
  117  11:57  Probe  
  113  12:02  Photon Cannon  
  113  12:04  Pylon  
  113  12:06  Probe, Stalker, High Templar  
  117  12:08  Zealot  
  117  12:10  Zealot  
  117  12:12  Probe  
  117  12:13  Immortal  
  117  12:14  High Templar  
  127  12:18  Photon Cannon  
  127  12:19  Probe  
  127  12:24  Photon Cannon  
  127  12:28  Sentry, Photon Cannon  
  127  12:29  Photon Cannon, Zealot  
  117  12:30  High Templar  
  117  12:33  Probe  
  117  12:34  Probe  
  117  12:36  Probe  
  95  12:38  Zealot  
  95  12:42  Probe  
  89  12:46  High Templar  
  89  12:47  Stalker  
  89  12:48  Probe  
  87  12:51  Adept  
  87  12:52  Immortal  
  87  12:58  Stalker  
  82  13:02  Zealot x2  
  68  13:08  Probe  
  68  13:12  High Templar  
  65  13:15  Probe  
  65  13:19  Sentry  
  66  13:21  Zealot  
  66  13:22  Stalker, Sentry  
  40  13:32  Probe  
  40  13:34  Probe  
  42  13:37  Pylon  
  42  13:41  Zealot  
Tags
 
Add a new tag
Caveats
  • Supply blocks, unpowered buildings, or Contaminate may cause inaccurate times.
  • Supply counts are checked every 10 seconds.